 Dungeon Crawl Stone Soup version 0.26-a0-651-gb41185065b (webtiles) character file.

Game seed: 15343002802016015028

18 Ozzies the Ruffian (level 2, -1/29 HPs)
             Began as a Troll Monk on Oct 3, 2020.
             Slain by a frilled lizard (2 damage)
             ... on level 2 of the Dungeon.
             The game lasted 00:02:02 (426 turns).

Ozzies the Ruffian (Troll Monk)                      Turns: 426, Time: 00:02:02

Health: -1/29      AC:  6    Str: 18    XL:     2   Next: 48%
Magic:  1/1        EV: 11    Int:  6    God:
Gold:   38         SH:  0    Dex: 18    Spells: 1/1 levels left

rFire    . . .     SeeInvis .     - Unarmed
rCold    . . .     Faith    .   (no shield)
rNeg     . . .     Spirit   .   a - +0 robe
rPois    .         Reflect  .   (helmet restricted)
rElec    .         Harm     .   (no cloak)
rCorr    .         Rampage  .   (gloves unavailable)
MR       .....     Rnd*Tele +   (boots unavailable)
Stlth    ++........             (no amulet)
HPRegen  0.49/turn              f - +6 ring of dexterity
MPRegen  0.07/turn              i - ring of teleportation (curse)

@: no status effects
A: large, unfitting armour, claws 3, regeneration 1, shaggy fur 1, tough skin 3
a: no special abilities


You were on level 2 of the Dungeon.
You visited 1 branch of the dungeon, and saw 2 of its levels.

You collected 38 gold pieces.

Inventory:

Armour
 a - a +0 robe (worn)
Jewellery
 f - a +6 ring of dexterity (left claw)
 i - a cursed ring of teleportation (right claw)
Scrolls
 d - a scroll of amnesia
 e - a scroll of teleportation
 h - 2 scrolls of identify
Potions
 b - a potion of might
 c - a potion of lignification {unknown}
 g - a potion of curing {unknown}


   Skills:
 * Level 2.7 Fighting
 + Level 0.6 Throwing
 + Level 2.5 Dodging
 - Level 1.0 Stealth
 + Level 3.2 Unarmed Combat


You had one spell level left.
You didn't know any spells.
Your spell library was empty.

Dungeon Overview and Level Annotations

Branches:
Dungeon (2/15)

Altars:

Annotations:
D:2 Jessica, Robin


Innate Abilities, Weirdness & Mutations

You are too large for most types of armour.
You have claws for hands.
Your natural rate of healing is unusually fast.
You are covered in fur. (AC +1)
You have extremely tough skin. (AC +3)


Message History

The goblin hits you but does no damage. The hobgoblin barely misses you.
You closely miss the leopard gecko.
The leopard gecko is moderately wounded.
The leopard gecko closely misses you. The hobgoblin misses you.
The goblin hits you with a +0 dagger.
* * * LOW HITPOINT WARNING * * *
The rat closely misses you.
The frilled lizard bites you but does no damage.
The goblin hits you but does no damage. The hobgoblin hits you.
* * * LOW HITPOINT WARNING * * *
You closely miss the leopard gecko.
You claw the leopard gecko, but do no damage.
The leopard gecko is moderately wounded.
The leopard gecko closely misses you. The hobgoblin barely misses you.
A kobold comes into view. It is wielding a +0 short sword.
The goblin hits you with a +0 dagger.
* * * LOW HITPOINT WARNING * * *
The rat bites you but does no damage. The goblin closely misses you.
The frilled lizard bites you.
You die...

.. .. ##.
## .#...
###..##
#.#.#
.....#.
....
.......
..#
#...#.#
#.!rgl#
#.#g@##
#glgl.....


ggglg...... #...@h....... ..........(.## .###l##.#....# .. .....#.# K.. ....##..
You could see a hound, Robin, Jessica, a leopard gecko, 4 hobgoblins, 3 goblins,
a kobold, 4 frilled lizards and a rat.

Vanquished Creatures
  A leopard gecko (D:1)
  3 goblins
  5 hobgoblins
  3 kobolds (D:1)
  A ball python (D:1)
  2 frilled lizards (D:1)
  A rat (D:1)
16 creatures vanquished.

Notes
Turn   | Place    | Note
-------+----------+-------------------------------------------
     0 | D:1      | Ozzies the Troll Monk began the quest for the Orb.
     0 | D:1      | Reached XP level 1. HP: 22/22 MP: 0/0
   186 | D:1      | Reached XP level 2. HP: 29/29 MP: 1/1
   413 | D:2      | Noticed Robin
   421 | D:2      | Noticed Jessica
   426 | D:2      | HP: 1/29 [goblin/+0 dagger[Robin] (3)]
   426 | D:2      | Slain by a frilled lizard

Illustrated notes

Levels and vault maps discovered:
D:1:      dpeg_arrival_leaves_temple_mockup, layout_basic
D:2:      layout_rooms, uniq_jessica, uniq_robin

Action                   || total
-------------------------++-------
Melee: Unarmed           ||    34
       Punch             ||     1
  Use: Scroll            ||     3
 Stab: Sleeping          ||     2
Armor: Robe              ||    21
Dodge: Dodged            ||    31

Table legend: (Time is in decaauts)
 A = Elapsed time spent in this place.
 B = Non-inter-level travel time spent in this place.
 C = Inter-level travel time spent in this place.
 D = Time resting spent in this place.
 E = Time spent auto-exploring this place.
 F = Levels seen in this place.
 G = Mean time per level.
                   A        B        C        D        E       F      G
               +--------+--------+--------+--------+--------+-----+--------+
         Total |    422 |    415 |      7 |      0 |    333 |   2 |  211.0 |
       Dungeon |    422 |    415 |      7 |      0 |    333 |   2 |  211.0 |
               +--------+--------+--------+--------+--------+-----+--------+

Top non-repeatable levels by time:
     D:1: 410 daAuts
     D:2: 11 daAuts
